AoeStats
← | ArCas | Toruk Makto

African Clearing

505368375Analyzed
4v4 RM · 22d ago on Sep 9, 2026· 66m 50s· 8 players
Game mode
Random Map
Map size
Large (8 player)
Population
200
Speed
Normal
Resources
Standard
Victory
Conquest
Starting age
Dark Age
Ending age
Imperial Age
RankedLock teamsTeams togetherTeam positionsShared explorationLock speedFull tech treeHidden civsTurbo modeCheats
Victory
Defeat
🇺🇸 Berbers · United States
1338
+17
🇦🇷 Khmer · Argentina
1306
+18
🇺🇸 Vietnamese · United States
1295
+18
🇺🇸 Huns · United States
1269
+19
🇲🇽 Koreans · Mexico
1404
-20
🇲🇽 Japanese · Mexico
1368
-19
🇺🇸 Magyars · United States
1354
-18
🇨🇳 Celts · China
1263
-15
hkc02
6:04 Loom
15:40 Feudal Age
18:34 Fletching
23:52 Castle Age
23:02 Double-Bit Axe
23:18 Stone Mining
27:11 Bodkin Arrow
37:43 Padded Archer Armor
39:53 Wheelbarrow
42:54 Imperial Age
40:50 Gold Mining
42:22 Leather Archer Armor
42:02 Town Watch
42:37 Hand Cart
43:38 Ballistics
43:41 Bracer
44:16 Ring Archer Armor
44:10 Horse Collar
47:05 Conscription
47:40 Husbandry
47:50 Bloodlines
48:11 Light Cavalry
48:58 Scale Barding Armor
49:03 Forging
49:04 Elite Camel Archer
49:45 Maghrebi Camels
49:09 Hussar
50:11 Chain Barding Armor
49:36 Heavy Camel Rider
51:48 Iron Casting
52:10 Plate Barding Armor
56:06 Blast Furnace
55:14 Thumb Ring
56:16 Murder Holes
57:22 Chemistry
57:17 Town Patrol
| ArCas | Toruk Makto
12:20 Feudal Age
12:10 Loom
12:55 Loom
15:51 Castle Age
14:55 Bloodlines
16:22 Forging
16:22 Scale Barding Armor
16:51 Scale Barding Armor
18:30 Town Watch
25:40 Horse Collar
28:29 Iron Casting
30:11 Husbandry
31:54 Chain Barding Armor
32:32 Wheelbarrow
34:11 Double-Bit Axe
37:49 Gold Mining
38:51 Murder Holes
39:18 Stone Mining
44:08 Hand Cart
45:46 Fletching
48:41 Imperial Age
45:58 Light Cavalry
46:36 Bodkin Arrow
47:10 Ballistics
47:01 Masonry
47:33 Gold Shaft Mining
48:24 Bow Saw
49:01 Stone Shaft Mining
49:27 Bracer
50:27 Blast Furnace
50:06 Plate Barding Armor
49:32 Padded Archer Armor
49:54 Conscription
54:07 Leather Archer Armor
54:00 Double Crossbow
55:59 Ring Archer Armor
56:07 Hoardings
57:11 Chemistry
58:45 Hussar
66:15 Elite Ballista Elephant
SLAMPIG
10:20 Loom
12:22 Feudal Age
15:09 Double-Bit Axe
18:49 Castle Age
20:11 Fletching
29:24 Town Watch
38:49 Bodkin Arrow
41:05 Wheelbarrow
40:23 Horse Collar
43:00 Hand Cart
43:46 Bow Saw
46:57 Imperial Age
45:07 Scale Barding Armor
45:13 Forging
45:59 Thumb Ring
45:55 Padded Archer Armor
46:20 Husbandry
46:31 Bloodlines
46:42 Chain Barding Armor
51:14 Imperial Age
50:38 Iron Casting
50:19 Leather Archer Armor
51:36 Cavalier
52:53 Plate Barding Armor
54:21 Conscription
53:42 Light Cavalry
55:23 Blast Furnace
56:59 Bracer
59:21 Two-Man Saw
58:26 Heavy Plow
58:40 Heavy Cavalry Archer
62:14 Town Patrol
64:06 Hussar
65:41 Paladin
SLAMCOW
4:05 Loom
14:27 Feudal Age
19:24 Fletching
26:26 Castle Age
24:54 Town Watch
32:45 Wheelbarrow
32:01 Double-Bit Axe
35:21 Hand Cart
35:29 Town Watch
37:19 Bow Saw
39:31 Gold Mining
39:32 Stone Mining
44:48 Imperial Age
43:42 Town Patrol
45:40 Thumb Ring
46:13 Paper Money
47:15 Bloodlines
47:14 Elite Rattan Archer
49:42 Bodkin Arrow
49:47 Padded Archer Armor
50:46 Bracer
56:28 Scale Barding Armor
64:36 Ballistics
64:48 Crossbowman
65:32 Arbalester
Dark Gundam
4:45 Loom
13:23 Feudal Age
13:50 Man-at-Arms
14:29 Arson
19:43 Scale Mail Armor
22:06 Wheelbarrow
24:53 Castle Age
22:52 Double-Bit Axe
23:19 Gold Mining
24:53 Forging
24:44 Horse Collar
25:50 Squires
25:10 Long Swordsman
26:26 Gambesons
30:37 Chain Mail Armor
33:09 Town Watch
34:39 Iron Casting
35:32 Bow Saw
36:43 Hand Cart
41:49 Imperial Age
39:56 Fletching
39:28 Elite Skirmisher
41:08 Heavy Plow
41:44 Bodkin Arrow
42:24 Elite Fire Lancer
42:45 Capped Ram
44:50 Plate Mail Armor
44:45 Two-Handed Swordsman
46:33 Champion
50:08 Stone Mining
50:54 Gold Shaft Mining
50:52 Thumb Ring
52:19 Bracer
60:26 Coinage
60:06 Guilds
66:35 Banking
De_Aztek
2:51 Loom
13:49 Feudal Age
14:35 Double-Bit Axe
17:03 Scale Mail Armor
19:10 Castle Age
18:58 Forging
20:01 Wheelbarrow
20:22 Pikeman
27:25 Wheelbarrow
38:48 Hand Cart
41:45 Town Watch
42:25 Squires
47:49 Chain Mail Armor
53:02 Imperial Age
52:32 Man-at-Arms
53:29 Halberdier
54:36 Conscription
55:24 Plate Mail Armor
54:46 Long Swordsman
55:54 Elite Samurai
56:37 Two-Handed Swordsman
64:40 Elite Skirmisher
65:28 Thumb Ring
RedMess
8:19 Loom
9:34 Loom
12:21 Feudal Age
16:21 Scale Barding Armor
18:41 Wheelbarrow
18:33 Bloodlines
21:48 Castle Age
19:45 Horse Collar
22:32 Double-Bit Axe
22:48 Heavy Plow
29:55 Chain Barding Armor
29:47 Husbandry
30:24 Fletching
31:43 Wheelbarrow
32:13 Bow Saw
33:01 Gold Mining
33:14 Town Watch
35:32 Bodkin Arrow
39:40 Hand Cart
39:25 Town Patrol
39:59 Stone Mining
40:45 Gold Shaft Mining
45:00 Imperial Age
43:36 Light Cavalry
45:02 Cavalier
46:18 Plate Barding Armor
46:11 Conscription
47:31 Two-Man Saw
47:05 Crop Rotation
46:53 Bracer
47:03 Paladin
49:40 Scale Mail Armor
49:44 Corvinian Army
51:40 Chain Mail Armor
50:47 Elite Magyar Huszar
52:27 Hussar
57:58 Ballistics
野象
8:34 Loom
16:45 Feudal Age
20:44 Castle Age
21:32 Double-Bit Axe
Connection lost

Rejoining the realm…

Still unreachable

The connection could not be restored.

Session expired

The server has moved on; the page needs a fresh start.